 Dungeon Crawl Stone Soup version 0.28.0-53-g5a82cb258f (webtiles) character file.

Game seed: 16250859561884254592

156 unlimited1921 the Chopper (level 5, 0/47 HPs)
             Began as a Gnoll Cinder Acolyte on June 21, 2022.
             Was a High Priest of Ignis.
             Slain by a goblin
             ... wielding a +0 club
              (2 damage)
             ... on level 1 of the Dungeon.
             The game lasted 00:01:38 (81 turns).

unlimited1921 the Chopper (Gnoll Cinder Acolyte)      Turns: 81, Time: 00:01:39

Health: 0/47       AC:  2    Str: 15    XL:     5   Next: 37%
Magic:  9/9        EV: 11    Int: 14    God:    Ignis [*****.]
Gold:   6          SH:  0    Dex:  7    Spells: 10/10 levels left

rFire   + . .      SeeInvis .   a - -1 hand axe (flame)
rCold   . . .      Faith    .   (no shield)
rNeg    . . .      Spirit   .   b - +0 robe
rPois   .          Reflect  .   (no helmet)
rElec   .          Harm     .   (no cloak)
rCorr   .          Rampage  .   (no gloves)
Will    .....                   (no boots)
Stlth   +.........              (no amulet)
HPRegen 0.15/turn               (no ring)
MPRegen 0.11/turn               (no ring)

@: no status effects
A: fangs 1, strong nose, distributed training
a: Renounce Religion, Fiery Armour, Foxfire Swarm, Rising Flame


You were on level 1 of the Dungeon.
You worshipped Ignis.
Ignis was extremely pleased with you.
You visited 1 branch of the dungeon, and saw 2 of its levels.

You collected 6 gold pieces.

Inventory:

Hand Weapons
 a - a -1 hand axe of flaming (weapon)
Armour
 b - a +0 robe (worn)


   Skills:
 + Level 6.7 Fighting
 + Level 1.4 Short Blades
 + Level 1.4 Long Blades
 + Level 6.7 Axes
 + Level 1.4 Maces & Flails
 + Level 1.4 Polearms
 + Level 1.4 Staves
 + Level 1.4 Slings
 + Level 1.4 Bows
 + Level 1.4 Crossbows
 + Level 1.4 Throwing
 + Level 1.4 Armour
 + Level 1.4 Dodging
 + Level 1.4 Stealth
 + Level 1.4 Shields
 + Level 1.4 Unarmed Combat
 + Level 3.1 Spellcasting
 + Level 1.1 Conjurations
 + Level 1.1 Hexes
 + Level 1.1 Summonings
 + Level 1.1 Necromancy
 + Level 1.1 Translocations
 + Level 1.1 Transmutations
 + Level 5.5 Fire Magic
 + Level 1.1 Ice Magic
 + Level 1.1 Air Magic
 + Level 1.1 Earth Magic
 + Level 1.1 Poison Magic
 + Level 1.6 Invocations
 + Level 1.4 Evocations


You had 10 spell levels left.
You didn't know any spells.
Your spell library contained the following spells:

 Spells                   Type           Power      Damage    Failure   Level
 Scorch                   Fire           34%        2d7       3%          2


Dungeon Overview and Level Annotations

Branches:
Dungeon (2/15)

Altars:


Innate Abilities, Weirdness & Mutations

You have very sharp teeth.
Your uncanny sense of smell can sniff out nearby items.
Your experience applies equally to all skills.


Message History

You have reached level 4!
You feel clever.
You have reached level 5!
The dart slug launches a dart at you. The slug dart hits you.
* * * LOW HITPOINT WARNING * * *
Found a scroll labelled BUUSUF WOHO.
The dart slug launches a dart at you. The slug dart misses you.
Unknown command.
You barely miss the hobgoblin. The hobgoblin closely misses you.
You are too injured to fight recklessly!
Unknown command.
The dart slug launches a dart at you. The slug dart misses you.
Found 5 poisoned darts.
The ball python bites you but does no damage.
The ball python grabs you. The ball python constricts you.
* * * LOW HITPOINT WARNING * * *
You escape the ball python's grasp.
The dart slug misses you. The ball python bites you.
* * * LOW HITPOINT WARNING * * *
The ball python grabs you. The ball python constricts you.
* * * LOW HITPOINT WARNING * * *
You escape the ball python's grasp.
Found an escape hatch in the ceiling.
There is an escape hatch in the ceiling here.
The ball python bites you but does no damage.
The ball python barely misses you. A mysterious force pulls you upwards.
The hatch slams shut behind you.
A goblin comes into view. It is wielding a +0 club.
The goblin shouts!
The ball python misses you. The ball python grabs you.
The ball python constricts you.
* * * LOW HITPOINT WARNING * * *
The ball python bites you.
* * * LOW HITPOINT WARNING * * *
The ball python constricts you.
You escape the ball python's grasp.
The goblin hits you with a +0 club.
You die...

#. ... . #.#
#.# #.#.#
#.#.# #.##.
#.#.# .....
#.###.#.######
##.#.
#.....g@.....#
######.......#
#.S.....#
#.......#
#.......#
#.......#
#.......#
##.###### #.#


You could see a goblin and a ball python.

Vanquished Creatures
  Sigmund (D:2)
1 creature vanquished.

Notes
Turn   | Place    | Note
-------+----------+-------------------------------------------
     0 | D:1      | unlimited1921 the Gnoll Cinder Acolyte began the quest for
                  | the Orb.
     0 | D:1      | Reached XP level 1. HP: 23/23 MP: 4/4
    22 | D:1      | You fall into a shaft and drop 1 floor!
    22 | D:2      | Noticed Sigmund
    40 | D:2      | HP: 1/23 [Sigmund/+0 scythe (13)]
    41 | D:2      | Killed Sigmund
    42 | D:2      | Reached skill level 1 in Short Blades
    42 | D:2      | Reached skill level 1 in Long Blades
    42 | D:2      | Reached skill level 1 in Maces & Flails
    42 | D:2      | Reached skill level 1 in Polearms
    42 | D:2      | Reached skill level 1 in Staves
    42 | D:2      | Reached skill level 1 in Slings
    42 | D:2      | Reached skill level 1 in Bows
    42 | D:2      | Reached skill level 1 in Crossbows
    42 | D:2      | Reached skill level 1 in Throwing
    42 | D:2      | Reached skill level 1 in Armour
    42 | D:2      | Reached skill level 1 in Dodging
    42 | D:2      | Reached skill level 1 in Stealth
    42 | D:2      | Reached skill level 1 in Shields
    42 | D:2      | Reached skill level 1 in Unarmed Combat
    42 | D:2      | Reached skill level 1 in Conjurations
    42 | D:2      | Reached skill level 1 in Hexes
    42 | D:2      | Reached skill level 1 in Summonings
    42 | D:2      | Reached skill level 1 in Necromancy
    42 | D:2      | Reached skill level 1 in Translocations
    42 | D:2      | Reached skill level 1 in Transmutations
    42 | D:2      | Reached skill level 1 in Ice Magic
    42 | D:2      | Reached skill level 1 in Air Magic
    42 | D:2      | Reached skill level 1 in Earth Magic
    42 | D:2      | Reached skill level 1 in Poison Magic
    42 | D:2      | Reached skill level 1 in Invocations
    42 | D:2      | Reached skill level 1 in Evocations
    42 | D:2      | Reached XP level 2. HP: 2/29 MP: 6/6
    42 | D:2      | Reached XP level 3. HP: 2/35 MP: 7/7
    42 | D:2      | Reached XP level 4. HP: 3/41 MP: 8/8
    42 | D:2      | Reached XP level 5. HP: 3/47 MP: 9/9
    79 | D:1      | HP: 2/47 [ball python (1)]
    81 | D:1      | Slain by a goblin

Illustrated notes

Levels and vault maps discovered:
D:1:      wander_arrival_abandoned_jail, layout_basic,
          shapermc_ecumenical_altar_notcrosses, minmay_misc_feat_tiny,
          grunt_decor_junction
D:2:      layout_basic, uniq_sigmund, uniq_robin, uniq_terence

Skill      XL: |  1 |
---------------+----+-----
Short Blades   | 1 |  1.4
Long Blades    | 1 |  1.4
Maces & Flails | 1 |  1.4
Polearms       | 1 |  1.4
Staves         | 1 |  1.4
Slings         | 1 |  1.4
Bows           | 1 |  1.4
Crossbows      | 1 |  1.4
Throwing       | 1 |  1.4
Armour         | 1 |  1.4
Dodging        | 1 |  1.4
Stealth        | 1 |  1.4
Shields        | 1 |  1.4
Unarmed Combat | 1 |  1.4
Spellcasting   | 3 |  3.1
Conjurations   | 1 |  1.1
Hexes          | 1 |  1.1
Summonings     | 1 |  1.1
Necromancy     | 1 |  1.1
Translocations | 1 |  1.1
Transmutations | 1 |  1.1
Ice Magic      | 1 |  1.1
Air Magic      | 1 |  1.1
Earth Magic    | 1 |  1.1
Poison Magic   | 1 |  1.1
Invocations    | 1 |  1.6
Evocations     | 1 |  1.4
Fighting       | |  6.7
Axes           | |  6.7
Fire Magic     | |  5.5

Action                   |  1- 3 |  4- 6 || total
-------------------------+-------+-------++-------
Melee: Hand axe          |    13 |     1 ||    14
       Bite              |     1 |       ||     1
Armor: Robe              |       |     2 ||     2
Dodge: Dodged            |     5 |     6 ||    11
